 Dungeon Crawl Stone Soup version 0.21-a0-618-g6cbd37f (webtiles) character file.

2669 Leszczynek the Slinger (level 9, -4/55 HPs)
             Began as a Halfling Chaos Knight on Dec 22, 2017.
             Killed by divine providence
             ... invoked by an orc priest
              (14 damage)
             ... on level 8 of the Dungeon on Dec 23, 2017.
             The game lasted 00:33:48 (4113 turns).

Leszczynek the Slinger (Halfling Chaos Knight)      Turns: 4113, Time: 00:33:49

Health: -4/55      AC:  7    Str: 16    XL:     9   Next: 95%
Magic:  18/18      EV: 13    Int: 15    God:    Xom [.*....]
Gold:   193        SH:  6    Dex: 14    Spells: 4/8 levels left

rFire    . . .     SeeInvis +   a - +1 scimitar (flame)
rCold    . . .     Gourm    .   y - +0 buckler
rNeg     . . .     Faith    .   m - +2 leather armour
rPois    .         Spirit   .   o - +0 helmet
rElec    .         Reflect  .   (no cloak)
rCorr    .         Harm     .   l - +0 pair of gloves
MR       .....                  (no boots)
Stlth    +.........             (no amulet)
HPRegen  0.18/turn              x - ring of see invisible
MPRegen  0.16/turn              u - ring of magical power

@: brilliant, berserk cooldown, slowed, drained, very slow
A: small, blurry vision 2, mutation resistance 1
a: Renounce Religion


You were on level 8 of the Dungeon.
You worshipped Xom.
You were a plaything of Xom.
You were hungry.

You visited 1 branch of the dungeon, and saw 9 of its levels.

You collected 242 gold pieces.
You spent 49 gold pieces at shops.

Inventory:

Hand Weapons
 a - a +1 scimitar of flaming (weapon)
 b - a +0 hunting sling
 c - a +0 falchion of chaos
Missiles
 e - 169 stones (quivered)
Armour
 l - a +0 pair of gloves (worn)
 m - a +2 leather armour (worn)
 o - a +0 helmet (worn)
 y - a +0 buckler (worn)
Jewellery
 p - an uncursed ring of flight
 u - a ring of magical power (right hand)
 x - a ring of see invisible (left hand)
Scrolls
 g - 3 scrolls of remove curse {@r2}
 j - a scroll of immolation {!r}
 t - a scroll of enchant weapon {unknown}
 w - a scroll of enchant armour {unknown}
 A - a scroll of holy word {unknown}
Potions
 v - a potion of brilliance
Books
 z - a book of Necromancy

   Spells                             Type                      Level
   a - Pain                           Necromancy                   1
   b - Animate Skeleton               Necromancy                   1
   c - Vampiric Draining              Necromancy                   3
   d - Regeneration                   Charms/Necromancy            3
   e - Animate Dead                   Necromancy                   4
   f - Borgnjor's Vile Clutch         Necromancy/Earth             5
Comestibles
 d - 13 rations


   Skills:
 - Level 2.6(2.4) Fighting
 * Level 8.6(8.3) Long Blades
 - Level 12.1(11.8) Slings
 - Level 2.1(1.9) Armour
 - Level 1.1(0.8) Dodging
 + Level 5.1(4.8) Shields


You had 4 spell levels left.
You knew the following spells:

 Your Spells              Type           Power        Failure   Level  Hunger
a - Animate Skeleton      Necr           N/A          4%          1    ##.....
q - Regeneration          Chrm/Necr      #.........   12%         3    ####...


Dungeon Overview and Level Annotations

Branches:
Dungeon (9/15)             Temple (0/1) D:5
   Lair: D:8-11         Orc: D:9-12

Altars:
Ashenzari
Dithmenos
Gozag
Ru
Xom
Zin

Shops:
D:8 *

Annotations:
D:3 Ijyb
D:4 Amnesiac's ghost, amateur DEIE; Edmund
D:6 Sigmund
D:8 elec whip pikel, Pikel


Innate Abilities, Weirdness & Mutations

You are small and have problems with some larger weapons.
You are somewhat resistant to further mutation.
Scrolls take you longer to read.


Message History

Okay, then.
Okay, then.
Press: ? - help, v - describe, . - travel The floor.
Really read with blurry vision while enemies are nearby?
Okay, then.
The iguana hisses angrily.
The orc priest miscasts a cantrip.
The iguana hisses menacingly.
You block the orc's attack. You block the wight's attack.
The orc hits you but does no damage.
An orc comes into view. It is wielding a club.
You feel a little less mighty now. You block the wight's attack.
Unknown command.
The orc barely misses you. The orc hits you but does no damage.
The orc priest mumbles some strange prayers to Beogh against you.
Beogh smites you!
You die...
Xom roars with laughter!

#. #####.###. ## #.
#....#.... #.
#..o[.....
#.####........# #
#.............#
#..##..###l........ .
#......o.oo[......# #
###.z.zo........ #
#@###z.......# # #.
#.# #.###.#### # #.
#.###.###.# #
#.###.##...##.########
#.#.#.##...##.#.......
#..#..##......#.######
#.............#.######
##.($...%>....#Z##..>.
##.#..[......#.##)...


You could see an iguana, 2 wights, an orc priest, an orc wizard and 2 orcs.

Vanquished Creatures
  Erica (D:8)
  Joseph (D:8)
  A centaur zombie (D:8)
  Prince Ribbit (D:5)
  A hog (D:8)
  A water moccasin (D:7)
  A sky beast (D:5)
  An ice beast (D:4)
  2 slaves (D:8)
  2 ogres (D:4)
  A centaur (D:5)
  3 bullfrogs
  A scorpion (D:7)
  A howler monkey (D:6)
  A crimson imp (D:8)
  A hound (D:8)
  An orc wizard (D:8)
  2 bullfrog skeletons
  3 worker ants
  Robin (D:2)
  A howler monkey skeleton (D:4)
  A worker ant zombie (D:5)
  4 adders
  2 shadow imps
  An adder skeleton (D:4)
  3 worms
  A dart slug (D:4)
  5 leopard geckos
  2 orcs (D:8)
  6 giant cockroaches
  15 goblins
  5 hobgoblins
  11 jackals
  A quokka (D:4)
  4 bats
  4 frilled lizards
  5 kobolds
  7 rats
105 creatures vanquished.

Vanquished Creatures (collateral kills)
  A slave (D:8)
  An ogre (D:8)
2 creatures vanquished.

Vanquished Creatures (others)
  An iguana (D:4)
1 creature vanquished.

Grand Total: 108 creatures vanquished

Notes
Turn   | Place    | Note
-------+----------+-------------------------------------------
     0 | D:1      | Leszczynek the Halfling Chaos Knight began the quest for the Orb.
     0 | D:1      | Reached XP level 1. HP: 15/15 MP: 1/1
   144 | D:1      | XOM: divination: detect creatures
   246 | D:1      | Reached XP level 2. HP: 16/20 MP: 2/2
   521 | D:3      | Noticed Ijyb
   538 | D:3      | Reached skill level 4 in Long Blades
   538 | D:3      | Reached XP level 3. HP: 25/25 MP: 3/3
   591 | D:3      | XOM is BORED!
   591 | D:3      | XOM: harmless Chrm miscast
   617 | D:3      | XOM: potion effect (brilliance)
   723 | D:2      | Reached XP level 4. HP: 20/30 MP: 4/4
   766 | D:2      | Noticed Robin
   778 | D:2      | XOM: harmless Tmut miscast
   785 | D:2      | Killed Robin
   785 | D:2      | Reached skill level 5 in Long Blades
   830 | D:2      | Reached skill level 1 in Slings
   990 | D:3      | Reached skill level 2 in Slings
   990 | D:3      | Reached XP level 5. HP: 35/35 MP: 5/5
  1009 | D:3      | XOM: divination: detect creatures
  1055 | D:4      | Found a shadowy altar of Dithmenos.
  1059 | D:4      | XOM: divination: magic mapping
  1114 | D:4      | Noticed an ice beast
  1123 | D:4      | XOM: potion effect (berserk rage)
  1130 | D:4      | XOM: butterfly on damage
  1131 | D:4      | Killed an ice beast
  1131 | D:4      | Reached skill level 5 in Slings
  1131 | D:4      | Reached XP level 6. HP: 27/41 MP: 6/6
  1162 | D:4      | Noticed an ogre
  1215 | D:3      | XOM: harmless Conj miscast
  1364 | D:4      | XOM: enchant monster (bad)
  1373 | D:4      | Ouch! That really hurt!
  1373 | D:4      | XOM: butterfly on damage
  1384 | D:4      | Noticed Amnesiac's ghost (amateur DEIE)
  1395 | D:4      | Killed an ogre
  1395 | D:4      | Reached skill level 6 in Slings
  1438 | D:4      | XOM: potion effect (haste)
  1565 | D:4      | Noticed an ogre
  1574 | D:4      | XOM: cast spell 'Necromutation'
  1575 | D:4      | XOM: scenery: create altars
  1576 | D:4      | Ouch! That really hurt!
  1582 | D:4      | Killed an ogre
  1582 | D:4      | Reached skill level 7 in Slings
  1582 | D:4      | Reached XP level 7. HP: 16/45 MP: 7/7
  1611 | D:4      | Noticed Edmund
  1688 | D:4      | XOM: 5-stop teleportation journey
  1710 | D:5      | Entered Level 5 of the Dungeon
  1720 | D:5      | HP: 9/45 [sky beast (6)]
  1728 | D:5      | XOM: confuse monster(s)
  1732 | D:5      | XOM: divination: magic mapping
  2005 | D:5      | XOM: divination: magic mapping
  2006 | D:5      | Reached skill level 8 in Slings
  2077 | D:5      | Noticed Prince Ribbit
  2118 | D:5      | Killed Prince Ribbit
  2118 | D:5      | Reached skill level 9 in Slings
  2156 | D:5      | Found a staircase to the Ecumenical Temple.
  2173 | D:5      | XOM: harmless Chrm miscast
  2198 | D:5      | Found a sacrificial altar of Ru.
  2253 | D:6      | XOM: give mutations
  2253 | D:6      | Gained mutation: Armour fits poorly on your strangely shaped body. [Xom's mischief]
  2253 | D:6      | Gained mutation: You are weak. (Str -2) [Xom's mischief]
  2254 | D:6      | Noticed Sigmund
  2269 | D:5      | Reached skill level 10 in Slings
  2269 | D:5      | Reached XP level 8. HP: 30/51 MP: 8/8
  2513 | D:5      | Found a sacrificial altar of Ru.
  2513 | D:5      | Found an opulent altar of Gozag.
  2513 | D:5      | Found a glowing silver altar of Zin.
  2594 | D:4      | Reached skill level 11 in Slings
  2735 | D:5      | Found a shattered altar of Ashenzari.
  2763 | D:5      | XOM: noise
  2823 | D:6      | XOM: harmless Pois miscast
  2925 | D:6      | XOM: confuse monster(s)
  3113 | D:7      | Upgraded the game from 0.21-a0-591-g2314aa1 to 0.21-a0-618-g6cbd37f
  3192 | D:7      | Reached skill level 1 in Shields
  3422 | D:7      | Reached skill level 2 in Shields
  3493 | D:8      | Noticed Erica
  3514 | D:8      | XOM: summons 3 friendly demons
  3516 | D:8      | XOM: cast spell 'Shadow Creatures'
  3517 | D:8      | XOM: mild Summ miscast
  3530 | D:8      | Killed Erica
  3530 | D:8      | Reached skill level 7 in Long Blades
  3530 | D:8      | Reached skill level 12 in Slings
  3530 | D:8      | Reached skill level 3 in Shields
  3530 | D:8      | Reached XP level 9. HP: 55/55 MP: 9/9
  3578 | D:8      | You fall through a shaft!
  3608 | D:8      | Found Vennos's Assorted Antiques.
  3636 | D:8      | Bought a scroll labeled TICWICH LISUY for 26 gold pieces
  3636 | D:8      | Bought a sapphire potion for 23 gold pieces
  3698 | D:8      | Learned a level 1 spell: Animate Skeleton
  3702 | D:8      | Learned a level 3 spell: Regeneration
  3702 | D:8      | Noticed Joseph
  3702 | D:8      | XOM: butterfly on damage
  3702 | D:8      | XOM: smoke on damage
  3803 | D:8      | XOM: potion effect (haste)
  3808 | D:8      | Noticed Pikel
  3819 | D:8      | XOM: noise
  3826 | D:8      | XOM: summons friendly shadow imp
  3948 | D:8      | XOM: polymorph centaur -> hog
  4051 | D:8      | XOM: noise
  4057 | D:8      | XOM: repel stairs
  4065 | D:8      | XOM: harmless Erth miscast
  4070 | D:8      | HP: 3/55 [Joseph/uncursed quarterstaff (12)]
  4071 | D:8      | XOM: swap monsters
  4072 | D:8      | let it be noted
  4072 | D:8      | this guy let me use my only blink, then immediately blinked me back into the monsters
  4072 | D:8      | saying "this might be better"
  4076 | D:8      | HP: 9/55 [Joseph/uncursed quarterstaff (7)]
  4084 | D:8      | HP: 5/82 [hog (9)]
  4085 | D:8      | Killed Joseph
  4085 | D:8      | Reached skill level 4 in Shields
  4085 | D:8      | Reached skill level 8 in Long Blades
  4107 | D:8      | Reached skill level 5 in Shields
  4108 | D:8      | nice teleports
  4108 | D:8      | first one in the same place, second one into 8 monsters
  4108 | D:8      | i suppose my mistake was trying to fight a yellow threat monster with a weapon that deals bonus damage to it
  4108 | D:8      | Lost mutation: Armour fits poorly on your strangely shaped body. [potion of mutation]
  4108 | D:8      | Lost mutation: You are weak. (Str -2) [potion of mutation]
  4108 | D:8      | Gained mutation: Scrolls take you a little longer to read. [potion of mutation]
  4108 | D:8      | Gained mutation: Scrolls take you longer to read. [potion of mutation]
  4108 | D:8      | HP: 8/55 [wight/enchanted scimitar (1)]
  4113 | D:8      | Killed from afar by an orc priest

Vault maps used:
D:1:      minmay_arrival_hallway, dk_noncrumbling_2, minmay_split_cup_large
D:2:      first_ration, serial_glass, glass_columns_b, glass_columns_a,
          serial_bayou_pond_a, minmay_stone_trees_large, uniq_robin
D:3:      uniq_ijyb
D:4:      nicolae_dithmenos_through_a_glass_darkly, uniq_edmund
D:5:      gammafunk_temple_overflow_claw, minmay_temple_entry_junction_2,
          basic_altar, nicolae_ru_sacrificial_ziggurat, uniq_prince_ribbit1
D:6:      serial_shops, nicolae_shop_temple_entry_statues_fountains,
          uniq_duvessa, uniq_sigmund
D:7:      grunt_temple_overflow_champion_of_chaos
D:8:      serial_shops, nicolae_shop_waterfront, uniq_pikel, uniq_erica,
          uniq_joseph
D:9:      kiku_gazebo_garden_becter, kennysheep_mini_moat,
          due_lair_maze_entry_diamond, hangedman_ranch, hangedman_incinerator,
          uniq_gastronok

Skill      XL: |  1  2  3  4  5  6  7  8  9 |
---------------+----------------------------+-----
Long Blades    | 4 5 7 8 |  8.6
Slings         | 2 5 7 10 12 | 12.1
Shields        | 3 5 |  5.1
Fighting       | |  2.6
Armour         | |  2.1
Dodging        | |  1.1

Action                   |  1- 3 |  4- 6 |  7- 9 || total
-------------------------+-------+-------+-------++-------
Melee: Falchion          |    68 |   113 |   155 ||   336
       Scimitar          |       |       |    57 ||    57
 Fire: Hunting sling     |       |    15 |    54 ||    69
Throw: Stone             |     7 |       |       ||     7
  Use: Scroll            |       |       |    12 ||    12
       Potion            |       |       |    11 ||    11
 Stab: Paralysed         |       |       |     4 ||     4
       Sleeping          |       |       |     1 ||     1
       Confused          |       |       |     1 ||     1
       Distracted        |       |       |     1 ||     1
  Eat: Chunk             |       |     2 |     5 ||     7
       Ration            |       |       |     1 ||     1
Armor: Leather armour    |    21 |    27 |    54 ||   102
       Skin              |       |       |    36 ||    36
Dodge: Dodged            |    50 |    83 |   131 ||   264
Block: Buckler           |       |       |    20 ||    20
       Rpst.: Falchion   |    12 |    25 |    31 ||    68
       Scimitar          |       |       |    18 ||    18

Table legend:
 A = Spawn XP
 B = Non-spawn XP
 C = Spawn XP percentage of total XP
 D = Spawn monster count
 E = Non-spawn monster count
 F = Spawn count percentage of total count
 G = Total turns spent on level
                    A         B        C        D         E        F      G
               +---------+---------+-------+---------+---------+-------+---------
         Total |       0 |    3814 |   0.0 |       0 |     105 |   0.0 |  4113
               +---------+---------+-------+---------+---------+-------+---------
           D:1 |       0 |      14 |   0.0 |       0 |      10 |   0.0 |   319
           D:2 |       0 |      71 |   0.0 |       0 |      23 |   0.0 |   413
           D:3 |       0 |      72 |   0.0 |       0 |      26 |   0.0 |   460
           D:4 |       0 |     463 |   0.0 |       0 |      11 |   0.0 |   830
           D:5 |       0 |     668 |   0.0 |       0 |      10 |   0.0 |   862
           D:6 |       0 |     150 |   0.0 |       0 |       4 |   0.0 |   262
           D:7 |       0 |     397 |   0.0 |       0 |       6 |   0.0 |   443
           D:8 |       0 |    1966 |   0.0 |       0 |      14 |   0.0 |   497
           D:9 |       0 |      13 |   0.0 |       0 |       1 |   0.0 |    27
               +---------+---------+-------+---------+---------+-------+---------
